 Dungeon Crawl Stone Soup version 0.23.2-40-g277498a001 (webtiles) character file.

Game seed: 16114843856511356949

1388 Emblim88 the Grasshopper (level 8, 0/64 HPs)
             Began as a Gnoll Warper on Aug 25, 2019.
             Was a Follower of Vehumet.
             Impaled on a porcupine's spines (11 damage)
             ... on level 8 of the Dungeon.
             The game lasted 00:15:03 (7026 turns).

Emblim88 the Grasshopper (Gnoll Warper)             Turns: 7026, Time: 00:15:04

Health: 0/64       AC:  4    Str: 15    XL:     8   Next: 68%
Magic:  15/17      EV: 15    Int: 15    God:    Vehumet [*.....]
Gold:   141        SH:  0    Dex: 16    Spells: 3/19 levels left

rFire    . . .     SeeInvis .   F - +0 dagger (chaos)
rCold    . . .     Gourm    .   (no shield)
rNeg     . . .     Faith    .   b - +0 leather armour
rPois    +         Spirit   .   G - +0 helmet
rElec    .         Reflect  .   (no cloak)
rCorr    .         Harm     .   (no gloves)
MR       .....                  (no boots)
Stlth    ++........             (no amulet)
HPRegen  0.20/turn              i - ring of poison resistance
MPRegen  0.15/turn              (no ring)

@: shrouded
A: distributed training, fangs 1, strong nose
a: Renounce Religion


You were on level 8 of the Dungeon.
You worshipped Vehumet.
Vehumet was aware of your devotion.
You were not hungry.

You visited 2 branches of the dungeon, and saw 9 of its levels.

You collected 302 gold pieces.
You spent 161 gold pieces at shops.

Inventory:

Hand Weapons
 a - a +0 falchion
 q - a +1 dagger of venom
 x - a +0 whip of flaming
 F - a +0 dagger of chaos (weapon)
Missiles
 e - 5 tomahawks of dispersal (quivered)
 t - 7 poisoned needles
 v - 5 tomahawks
Armour
 b - a +0 leather armour (worn)
 G - a +0 helmet (worn)
Jewellery
 i - a ring of poison resistance (left hand)
Wands
 s - a wand of flame (16)
Scrolls
 c - 3 scrolls of remove curse
 d - 2 scrolls of blinking
 h - 3 scrolls of teleportation
 l - a scroll of enchant armour
 u - a scroll of enchant weapon
 w - a scroll of fog {unknown}
 y - 2 scrolls of immolation {unknown}
 z - 2 scrolls of magic mapping {unknown}
 A - a scroll of random uselessness {unknown}
 B - a scroll of vulnerability
 C - a scroll of noise {unknown}
 H - a scroll of identify
Potions
 g - a potion of brilliance
 j - a potion of ambrosia
 k - a potion of curing
 m - 3 potions of degeneration
 n - 2 potions of flight {unknown}
 o - a potion of heal wounds
 p - a potion of agility
 r - 3 potions of lignification
 D - a potion of berserk rage {unknown}
 E - a potion of mutation {unknown}
Comestibles
 f - 5 rations


   Skills:
 + Level 5.8 Fighting
 + Level 3.4 Short Blades
 + Level 5.8 Long Blades
 + Level 3.4 Axes
 + Level 3.4 Maces & Flails
 + Level 3.4 Polearms
 + Level 3.4 Staves
 + Level 3.4 Slings
 + Level 3.4 Bows
 + Level 3.4 Crossbows
 + Level 4.3 Throwing
 + Level 4.3 Armour
 + Level 5.8 Dodging
 + Level 3.4 Stealth
 + Level 3.4 Shields
 + Level 3.4 Unarmed Combat
 + Level 6.1 Spellcasting
 + Level 2.8 Conjurations
 + Level 2.8 Hexes
 + Level 2.8 Charms
 + Level 2.8 Summonings
 + Level 2.8 Necromancy
 + Level 6.2 Translocations
 + Level 2.8 Transmutations
 + Level 2.8 Fire Magic
 + Level 2.8 Ice Magic
 + Level 2.8 Air Magic
 + Level 2.8 Earth Magic
 + Level 2.8 Poison Magic
 + Level 3.7 Invocations
 + Level 3.4 Evocations


You had 3 spell levels left.
You knew the following spells:

 Your Spells              Type           Power        Failure   Level  Hunger
a - Blink                 Tloc           N/A          2%          2    #......
b - Teleport Other        Tloc           ###.....     4%          3    ##.....
c - Shroud of Golubria    Chrm/Tloc      ###.......   4%          2    #......
d - Confuse               Hex            ##......     17%         3    ##.....
e - Passage of Golubria   Tloc           N/A          14%         4    ####...
f - Sting                 Conj/Pois      ##..         5%          1    None
g - Confusing Touch       Hex            ##....       5%          1    None

Your spell library contained the following spells:

 Spells                   Type           Power        Failure   Level  Hunger
 Gell's Gravitas          Tloc           ###.......   4%          3    ##.....
 Lesser Beckoning         Tloc           ###.......   4%          3    ##.....
 Flame Tongue             Conj/Fire      ##...        5%          1    None
 Throw Flame              Conj/Fire      ##....       9%          2    #......
 Conjure Flame            Conj/Fire      ##......     17%         3    ##.....
 Inner Flame              Hex/Fire       ##......     17%         3    ##.....
 Petrify                  Tmut/Erth      ##......     50%         4    ####...
 Sticky Flame             Conj/Fire      ##......     50%         4    ####...
 Fireball                 Conj/Fire      ##........   83%         5    ######.
 Metabolic Englaciation   Hex/Ice        ##........   83%         5    ######.
 Yara's Violent Unravell  Hex/Tmut       ##........   83%         5    ######.


Dungeon Overview and Level Annotations

Branches:
Dungeon (8/15)             Temple (1/1) D:7
   Lair: D:8-11

Altars:
Cheibriados
Elyvilon
Hepliaklqana
Makhleb
Nemelex Xobeh
Qazlal
Ru
Vehumet
Xom
Yredelemnul
Zin

Shops:
D:4 [?   D:6 %   D:7 [

Annotations:
D:3 2 transporters, H0rd4k's ghost, amateur HuAr


Innate Abilities, Weirdness & Mutations

Your experience applies equally to all skills.
You have very sharp teeth.
Your uncanny sense of smell can sniff out nearby items.


Message History

You are too injured to fight recklessly!
You are too injured to fight recklessly!
You are too injured to fight recklessly!
You are too injured to fight recklessly!
You are too injured to fight recklessly!
You are too injured to fight recklessly!
You are too injured to fight recklessly!
You are too injured to fight recklessly!
Casting: Shroud of Golubria (safe; 4% risk of failure)
Confirm with . or Enter, or press ? or * to list all spells.
Space distorts slightly along a thin shroud covering your body.
The porcupine misses you.
You hit the porcupine.
The porcupine flickers and vanishes!
Deactivating autopickup; reactivate with Ctrl-A.
Something bites you!
* * * LOW HITPOINT WARNING * * *
You hit something. You freeze something. Something bites you.
* * * LOW HITPOINT WARNING * * *
You are struck by something's spines.
You die...

#.......>...#
#.##.........
# #.######.#
#.## #..#
##.# ##.##
#.##..§####.#
#....@......#
####.{>######
##.## #.# #..
∆ ###


There were no monsters in sight!

Vanquished Creatures
  Pikel (D:4)
  A water moccasin (D:7)
  A slave (D:3)
  An ogre (D:7)
  A howler monkey (D:4)
  A crimson imp (D:6)
  2 hounds
  2 centaur zombies (D:7)
  2 bullfrog zombies
  4 jellies
  6 worker ants
  An orc wizard (D:6)
  A worker ant zombie (D:5)
  11 adders
  An adder skeleton (D:6)
  2 dart slugs
  5 leopard geckos
  9 orcs
  4 bats (D:3)
  4 giant cockroaches
  6 goblins
  2 hobgoblins
  8 jackals
  4 quokkas
  2 ball pythons
  A frilled lizard (D:3)
  A jackal skeleton (D:5)
  4 kobolds
  A leopard gecko skeleton (D:5)
  A quokka zombie (D:5)
  6 rats
96 creatures vanquished.

Vanquished Creatures (others)
  A jackal (D:8)
  A quokka (D:4)
2 creatures vanquished.

Grand Total: 98 creatures vanquished

Notes
Turn   | Place    | Note
-------+----------+-------------------------------------------
     0 | D:1      | Emblim88 the Gnoll Warper began the quest for the Orb.
     0 | D:1      | Reached XP level 1. HP: 20/20 MP: 6/6
   660 | D:2      | Reached XP level 2. HP: 19/26 MP: 7/7
   872 | D:2      | Reached skill level 5 in Spellcasting
   872 | D:2      | Reached XP level 3. HP: 30/31 MP: 7/9
   876 | D:2      | Learned a level 2 spell: Blink
   880 | D:2      | Learned a level 3 spell: Teleport Other
   884 | D:2      | Learned a level 2 spell: Shroud of Golubria
   955 | D:2      | Reached skill level 1 in Invocations
   958 | D:2      | Found a snail-covered altar of Cheibriados.
  1206 | D:3      | Found a radiant altar of Vehumet.
  1233 | D:3      | Became a worshipper of Vehumet
  1256 | D:3      | Learned a level 3 spell: Confuse
  1284 | D:3      | Reached skill level 1 in Short Blades
  1284 | D:3      | Reached skill level 1 in Axes
  1284 | D:3      | Reached skill level 1 in Maces & Flails
  1284 | D:3      | Reached skill level 1 in Polearms
  1284 | D:3      | Reached skill level 1 in Staves
  1284 | D:3      | Reached skill level 1 in Slings
  1284 | D:3      | Reached skill level 1 in Bows
  1284 | D:3      | Reached skill level 1 in Crossbows
  1284 | D:3      | Reached skill level 1 in Stealth
  1284 | D:3      | Reached skill level 1 in Shields
  1284 | D:3      | Reached skill level 1 in Unarmed Combat
  1284 | D:3      | Reached skill level 1 in Evocations
  1303 | D:3      | Reached XP level 4. HP: 25/38 MP: 11/11
  1751 | D:3      | Found a faded altar of an unknown god.
  1773 | D:3      | Reached skill level 1 in Conjurations
  1773 | D:3      | Reached skill level 1 in Hexes
  1773 | D:3      | Reached skill level 1 in Charms
  1773 | D:3      | Reached skill level 1 in Summonings
  1773 | D:3      | Reached skill level 1 in Necromancy
  1773 | D:3      | Reached skill level 1 in Transmutations
  1773 | D:3      | Reached skill level 1 in Fire Magic
  1773 | D:3      | Reached skill level 1 in Ice Magic
  1773 | D:3      | Reached skill level 1 in Air Magic
  1773 | D:3      | Reached skill level 1 in Earth Magic
  1773 | D:3      | Reached skill level 1 in Poison Magic
  1821 | D:3      | Reached XP level 5. HP: 42/43 MP: 12/12
  1993 | D:3      | Found a transporter.
  1994 | D:3      | Noticed H0rd4k's ghost (amateur HuAr)
  1995 | D:3      | Found a transporter.
  1995 | D:3      | Identified the +7 great mace of Anguish {holy, rN+ MR++
                  | Dex-5}
  1995 | D:3      | Noticed an ogre
  1995 | D:3      | Noticed an ogre
  1995 | D:3      | Noticed an ogre
  2302 | D:4      | Found Ziga's Antique Armour Shoppe.
  2400 | D:4      | Reached * piety under Vehumet
  2400 | D:4      | Offered knowledge of Sting by Vehumet.
  2409 | D:4      | Found a white marble altar of Elyvilon.
  2450 | D:4      | Reached XP level 6. HP: 37/50 MP: 13/13
  2473 | D:4      | Found Zablid's Magic Scroll Emporium.
  2478 | D:4      | Bought a scroll of identify for 28 gold pieces
  2478 | D:4      | Bought a scroll of enchant weapon for 105 gold pieces
  2478 | D:4      | Bought a scroll of identify for 28 gold pieces
  2630 | D:4      | Noticed a slave
  2630 | D:4      | Noticed a slave
  2631 | D:4      | Noticed a slave
  2632 | D:4      | Noticed Pikel
  2721 | D:3      | Killed a slave
  2930 | D:4      | Killed Pikel
  2930 | D:4      | Reached skill level 5 in Fighting
  2930 | D:4      | Reached skill level 5 in Long Blades
  2930 | D:4      | Reached skill level 5 in Dodging
  2930 | D:4      | Reached XP level 7. HP: 12/56 MP: 13/15
  3615 | D:5      | Entered Level 5 of the Dungeon
  4034 | D:5      | Found a stormy altar of Qazlal.
  4120 | D:5      | Found a basalt altar of Yredelemnul.
  4182 | D:5      | Learned a level 4 spell: Passage of Golubria
  4184 | D:5      | Learned a level 1 spell: Sting
  4186 | D:5      | Learned a level 1 spell: Confusing Touch
  4242 | D:6      | Reached XP level 8. HP: 63/63 MP: 12/16
  4514 | D:6      | Found Wuxuth's Food Shoppe.
  4896 | D:6      | Found a burning altar of Makhleb.
  4897 | D:6      | Found a shimmering altar of Xom.
  5975 | D:7      | Found Taisanloybb's Armour Boutique.
  6243 | D:6      | Noticed a rust devil
  6243 | D:6      | Noticed a rust devil
  6254 | D:7      | Found a sparkling altar of Nemelex Xobeh.
  6283 | D:7      | Found a staircase to the Ecumenical Temple.
  6292 | Temple   | Entered the Ecumenical Temple
  6911 | D:7      | Found a glowing silver altar of Zin.
  7026 | D:8      | Impaled on a porcupine's spines

Skill      XL: |  1  2  3  4  5  6  7  8 |
---------------+-------------------------+-----
Spellcasting   | 5 6 |  6.1
Invocations    | 1 2 3 |  3.7
Short Blades   | 1 2 3 |  3.4
Axes           | 1 2 3 |  3.4
Maces & Flails | 1 2 3 |  3.4
Polearms       | 1 2 3 |  3.4
Staves         | 1 2 3 |  3.4
Slings         | 1 2 3 |  3.4
Bows           | 1 2 3 |  3.4
Crossbows      | 1 2 3 |  3.4
Stealth        | 1 2 3 |  3.4
Shields        | 1 2 3 |  3.4
Unarmed Combat | 1 2 3 |  3.4
Evocations     | 1 2 3 |  3.4
Conjurations   | 1 2 |  2.8
Hexes          | 1 2 |  2.8
Charms         | 1 2 |  2.8
Summonings     | 1 2 |  2.8
Necromancy     | 1 2 |  2.8
Transmutations | 1 2 |  2.8
Fire Magic     | 1 2 |  2.8
Ice Magic      | 1 2 |  2.8
Air Magic      | 1 2 |  2.8
Earth Magic    | 1 2 |  2.8
Poison Magic   | 1 2 |  2.8
Throwing       | 3 4 |  4.3
Armour         | 3 4 |  4.3
Fighting       | 5 |  5.8
Long Blades    | 5 |  5.8
Dodging        | 5 |  5.8
Translocations | 6 |  6.2

Action                   |  1- 3 |  4- 6 |  7- 9 || total
-------------------------+-------+-------+-------++-------
Melee: Falchion          |    95 |    31 |       ||   126
       Bite              |    13 |    19 |    22 ||    54
       Dagger            |       |    99 |   228 ||   327
       Punch             |       |     1 |     6 ||     7
 Cast: Shroud of Golubri |     1 |     2 |     6 ||     9
       Blink             |       |     1 |       ||     1
       Confuse           |       |       |     2 ||     2
       Sting             |       |       |     4 ||     4
  Use: Scroll            |     1 |     5 |     2 ||     8
       Potion            |       |     7 |       ||     7
 Stab: Sleeping          |     1 |     5 |     4 ||    10
       Confused          |       |       |     1 ||     1
  Eat: Chunk             |     1 |     2 |     3 ||     6
       Ration            |       |     1 |     3 ||     4
Armor: Leather armour    |    27 |    14 |    19 ||    60
Dodge: Dodged            |    82 |    92 |   154 ||   328
       Rpst.: Falchion   |    23 |    14 |       ||    37
